 Dungeon Crawl Stone Soup version 0.20.0-15-g7f486f2 (webtiles) character file.

51 sagitran the Poker (level 3, -1/26 HPs)
             Began as a Demonspawn Wanderer on June 11, 2017.
             Slain by an adder (3 damage)
             ... on level 2 of the Dungeon.
             The game lasted 00:17:57 (1061 turns).

sagitran the Poker (Demonspawn Wanderer)            Turns: 1061, Time: 00:17:58

Health: -1/26      AC:  3    Str: 13    XL:     3   Next: 58%
Magic:  6/6        EV: 16    Int: 12    God:
Gold:   99         SH:  0    Dex: 18    Spells: 5/6 levels left

rFire    . . .     SeeInvis .   b - +0 spear
rCold    . . .     Gourm    .   (no shield)
rNeg     . . .     Faith    .   d - +1 robe
rPois    .         Spirit   .   (no helmet)
rElec    .         Reflect  .   (no cloak)
rCorr    .         Harm     .   (no gloves)
MR       +....                  (no boots)
Stlth    +++.......             (no amulet)
Regen    0.1/turn               k - ring of protection from magic
MPRegen  0.1/turn               (no ring)

@: agile, lethally poisoned (-1 -> -6), very slightly contaminated, invisible
A: talons 1
a: no special abilities


You were on level 2 of the Dungeon.
You were not hungry.

You visited 1 branch of the dungeon, and saw 2 of its levels.

You collected 99 gold pieces.

Inventory:

Hand Weapons
 b - a +0 spear (weapon)
 e - a +0 dagger
Missiles
 g - 7 javelins (quivered)
Armour
 d - a +1 robe (worn)
Jewellery
 k - a ring of protection from magic (left hand)
Potions
 c - a potion of lignification
 l - a potion of invisibility
Books
 a - a book of Minor Magic

   Spells                             Type                      Level
   a - Magic Dart                     Conjuration                  1
   b - Blink                          Translocation                2
   c - Call Imp                       Summoning                    2
   d - Slow                           Hexes                        2
   e - Conjure Flame                  Conjuration/Fire             3
   f - Mephitic Cloud                 Conjuration/Poison/Air       3
Comestibles
 f - a bread ration


   Skills:
 + Level 1.1 Fighting
 + Level 3.6 Polearms
 + Level 0.3 Throwing
 + Level 2.3 Stealth
 + Level 2.3 Spellcasting
   Level 1.0 Fire Magic
   Level 1.0 Evocations


You had 5 spell levels left.
You knew the following spells:

 Your Spells              Type           Power        Failure   Level  Hunger
a - Magic Dart            Conj           #...         26%         1    ##.....


Dungeon Overview and Level Annotations

Branches:
Dungeon (2/15)

Altars:
Ru
Vehumet


Innate Abilities, Weirdness & Mutations

You have sharp toenails.


Message History

The adder is heavily wounded.
You barely miss the adder.
The adder is heavily wounded.
The adder hisses angrily.
The adder misses you.
You catch the helpless adder completely off-guard!
You hit the adder. Your kick misses the adder.
The adder is heavily wounded.
The adder bites you.
* * * LOW HITPOINT WARNING * * *
You are more poisoned.
The adder poisons you!
You hit the adder. You claw the adder, but do no damage.
The adder is almost dead.
* * * LOW HITPOINT WARNING * * *
You feel sick. The adder bites you but does no damage.
You barely miss the adder. Your kick misses the adder.
The adder is almost dead.
The adder bites you.
You die...

###..###.....####.##..
# #............#
#.)... #.
#.#..........# ##...#
#.##.#.#.)...#.##
#....
#..#.#.>.###.....
#.##. #.....###
###..... ..##.
###....# .####......
#......## ##
####...#..@##...#
#..........S..#
#..........#......
#............$....
###.##.#..........
......###.>......
#......# #........
#......# .........
#....... .......


You could see an adder.

Vanquished Creatures
  An adder (D:2)
  An ooze (D:1)
  A worm (D:1)
  2 dart slugs (D:1)
  A leopard gecko (D:1)
  A ball python (D:1)
  4 bats
  2 giant cockroaches (D:1)
  A goblin (D:1)
  3 hobgoblins
  5 kobolds (D:1)
  4 frilled lizards
  5 rats
31 creatures vanquished.

Notes
Turn   | Place    | Note
-------+----------+-------------------------------------------
     0 | D:1      | sagitran the Demonspawn Wanderer began the quest for the Orb.
     0 | D:1      | sagitran set off with: a book of Minor Magic, a +0 spear, a potion of lignification, a +0 robe, a +0 dagger, a bread ration
     0 | D:1      | Reached XP level 1. HP: 15/15 MP: 3/3
     6 | D:1      | Learned a level 1 spell: Magic Dart
    96 | D:1      | Reached skill level 3 in Polearms
   101 | D:1      | Gained mutation: You have sharp toenails. [demonic ancestry]
   101 | D:1      | Reached XP level 2. HP: 21/21 MP: 5/5
   666 | D:1      | Reached XP level 3. HP: 23/26 MP: 2/6
   972 | D:2      | Found a sacrificial altar of Ru.
   976 | D:2      | Found a radiant altar of Vehumet.
  1060 | D:2      | HP: 1/26 [poisoned by an adder]
  1061 | D:2      | Slain by an adder

Skill      XL: |  1  2 |
---------------+-------+-----
Polearms       | 3 |  3.6
Stealth        | 2 |  2.3
Fighting       | |  1.1
Throwing       | |  0.3
Spellcasting   | |  2.3
Fire Magic     | |  1.0
Evocations     | |  1.0

Action                   || total
-------------------------++-------
Melee: Spear             ||    81
       Kick              ||    11
Throw: Javelin           ||    19
 Cast: Magic Dart        ||    15
  Use: Scroll            ||     5
       Potion            ||     3
 Stab: Sleeping          ||     3
       Invisible         ||     1
  Eat: Bread ration      ||     1
Armor: Robe              ||     5
Dodge: Dodged            ||    29
